Workbook

Sheet 様式第1号
B1: 記入箇所チェック
B2: 計画策定 | C2: 施設整備
E3: （別紙様式第１号）
W6: 事業開始年度 | AC6: ○年度
E19: 農山漁村振興推進計画及び事業実施計画書
E21: （情報通信環境整備対策）
N31: 【事業の種類】
B33: ○ | R33: 計画策定事業
C34: ○ | R34: 施設整備事業
B46: ○ | C46: ○ | I46: 事業実施主体名：
B48: ○ | C48: ○ | I48: 所在地（都道府県・市町村）：
E53: ※ 「事業の種類」は実施する事業に○を記入すること。
E54: １．事業実施主体の概要
B56: ○ | C56: ○ | E56: 主体の区分（注１）
B57: ○ | C57: ○ | E57: 事業実施主体名 | O57: フリガナ
E58: （地域協議会名） | R58: =P46 -> 0
B59: ○ | C59: ○ | E59: 取組地域の都道府県・市町村 | O59: =U48 -> 0
B60: ○ | C60: ○ | E60: 代表者氏名 | O60: フリガナ
B62: ○ | C62: ○ | E62: 事業実施主体住所及び 連絡先 | O62: 住所 | V62: 〒 | Y62: -
O65: 電話番号 | Y65: - | AB65: -
O66: ファクシミリ | Y66: - | AB66: -
O67: 電子メールアドレス
B68: ○ | C68: ○ | E68: 事務局(個人又は団体）
B69: ○ | C69: ○ | E69: 事務局 | O69: フリガナ
E70: （個人又は団体）
B71: ○ | C71: ○ | E71: 事務局所在地及び連絡先 | O71: 住所 | V71: 〒 | Y71: -
O74: 電話番号 | Y74: - | AB74: -
O75: ファクシミリ | Y75: - | AB75: -
O76: 電子メールアドレス
E78: ２．地域協議会構成員、連携団体（注２）
E80: 本対策に参画する個人や団体名 | S80: 構成区分（注３） | Z80: 所在地 （市町村）
B81: ○ （事業実施主体が地域協議会の場合） | C81: ○ （事業実施主体が地域協議会の場合）
E92: ３．地域区分（注４）
B94: ○ | C94: ○ | G94: １．特定農山村地域 | S94: ６．沖縄
G95: ２．振興山村 | S95: ７．奄美群島
G96: ３．過疎地域 | S96: ８．小笠原諸島
G97: ４．半島振興対策実施地域 | S97: ９．特別豪雪地帯
G98: ５，離島振興対策実施地域 | S98: 10．棚田
E100: 注１ 「主体の区分」は、都道府県、市町村、地方公共団体の一部事務組合、農業協同組合、農業協同組合
E101: 連合会、土地改良区、土地改良区連合、農業者の組織する団体、地方公共団体等が出資する法人、地域
E102: 協議会から選択して記入してください。
E103: 注２ 地域協議会の場合には、構成員及び予定している構成員を記入してください。
E104: 注３ 「構成区分」には、都道府県、市町村、地方公共団体の一部事務組合、農業協同組合、農業協同組合
E105: 連合会、土地改良区、土地改良区連合、農業者の組織する団体、地方公共団体等が出資する法人、地域
E106: 住民、地域団体、NPO法人、通信事業者、その他から選択して記入してください。
E107: 注４ 該当する地域区分の□に○を記入してください。
E109: ４．地域の概要
B111: ○ | C111: ○ | E111: 事業実施地区名 | Y111: 地区の受益面積 | AI111: ha
E112: （地域の概要）
B113: ○ | C113: ○ | E113: ※ 実施地区の位置、範囲、地勢、農業生産の特徴、担い手の状況、その他事業の必要性を説明する上で必要と考えられる社会経済情勢等について記載する。
E115: ５．事業実施地区の現状、課題等
B117: ○ | C117: ○ | E117: ※ 地域における農業農村インフラ【必須】、農業振興、地域活性化（移住・定住促進を含む）及びこれに関連する情報通信環境の現状（整備状況、保全管理等）及び課題について記載する。具体的な数値が示せるものは数値を記載すること。
E119: ６．地域の現況図
B121: ○ | C121: ○ | E121: ※ 取組地域の範囲など地域の現況が分かる図面を添付してください（別添の場合は「別添のとおり」と記入する。又は「別添事業実施計画書に添付する事業位置図のとおり」でも構わない。） ※ 農村の持続性の向上を図る観点から、実施区域内において、内閣府の「小さな拠点（中山間地域等の集落生活圏（複数の集落を含む生活圏）において、安心して暮らしていく上で必要な生活サービスを受け続けられる環境を維持していくために、地域住民が、自治体や事業者、各種団体と協力・役割分担をしながら、各種生活支援機能を集約・確保したり、地域の資源を活用し、しごと・収入を確保する取組）」などの持続可能な地域づくりを目指す取組が行われている場合は、位置や取組との関係について記載してください。
E123: ７－１．取組（計画策定事業）
E125: （１） 実施内容（注５）
B127: ○ | F127: ア 事業実施区域における情報通信技術の利用ニーズ、地形条件、既存の情報通信施
F128: 設とその利用可能範囲等の諸条件の調査及び調査結果を基にした施設等の導入規格
F129: 選定等に関する技術的検討
B130: ○ | F130: イ アの技術的検討にあたって必要とされる無線通信の伝送距離の確認及び運用に関
F131: する試行調査
B132: ○ | F132: ウ 専門家の派遣、ワークショップ
E133: ○ | F133: エ 整備計画の策定
F134: 注５ 該当する地域区分の□に○を記入してください。なお、エは必須項目です。
E136: （２）取組の概要
B138: ○ | E138: ※実施する調査や計画策定の内容について記載する。
E140: （３）試行調査数量（注６）
B142: ○ | E142: 工種 | O142: 規格等 | AB142: 数量 | AD142: 単位 | AF142: 備考
E143: 無線通信用施設（無線基地局） | AD143: 基
E144: 伝送用専用線（光ファイバ） | AD144: km
E145: 監視・制御機器等
AD146: 任意
AD147: 任意
AD148: 任意
F149: 注６ 調査・計画検討を経て変更がありうることから、申請時点の想定で可。
E151: ７－２．取組（施設整備事業）（注７）
E153: （１）無線通信用施設及び設備（無線基地局）並びに伝送用専用線（光ファイバ）
E155: 工種 | O155: 規格等 | AB155: 数量 | AD155: 単位 | AF155: 備考
C156: ○ | E156: 無線通信用施設 | AD156: 基
E157: 伝送用専用線 | AD157: km
E159: （２）（１）の施設等を活用して農業農村インフラの監視、制御を行うための設備
E161: 機器 | O161: 規格等 | AB161: 数量 | AD161: 単位 | AF161: 備考
C162: ○ | AD162: 任意
AD163: 任意
AD164: 任意
AD165: 任意
AD166: 任意
E168: （３）（１）の施設等を活用して地域活性化やスマート農業に有効利用するための設備
E170: 機器 | O170: 規格等 | AB170: 数量 | AD170: 単位 | AF170: 備考
C171: ○ | AD171: 任意
AD172: 任意
AD173: 任意
AD174: 任意
AD175: 任意
F176: 注７ （１）から（３）までの施設等を運用するために必要となるソフトウェアは各項目において含むも
F177: のとする。なお、無線通信用施設は種別毎に記載すること。
E179: （４）施設整備後の維持管理・運用体制（注８）
C181: ○ | E181: 工種 | O181: 施設管理予定者 | W181: (3)に利用する際の利用料徴収 | AD181: 備考
E182: １）無線通信用施設及び設備（無線基地局）並びに伝送用専用線（光ファイバ）
E183: 無線通信用施設
...

Sheet 様式第２号
A1: （別紙様式第２号）
A3: （１）○○年度農山漁村振興交付金（情報通信環境整備対策） 年度別事業実施計画
A4: 事業名 | B4: 事業実施期間 | C4: 計画期間 | D4: 事業実施主体 | E4: 事業実施内容 | F4: 交付額等（円）
A5: １．計画策定事業
B6: ○年度 | C6: ○年度 | E6: ○年度（実績） | F6: （事業実績額）
B7: ～○年度 | C7: ～○年度
F8: （交付実績額）
E13: ○年度（計画） | F13: （事業予定額）
F15: （交付予定額）
A19: ２．施設整備事業
B20: ○年度 | C20: ○年度 | E20: ○年度（実績） | F20: （事業実績額）
B21: ～○年度 | C21: ～○年度
F22: （交付実績額）
E27: ○年度（計画） | F27: （事業予定額）
F29: （交付予定額）

Sheet 様式第２号 (2)
A1: （別紙様式第２号）
A3: （２）農山漁村振興交付金（情報通信環境整備対策） 年度別事業実施計画総括表 | R3: ○○都道府県
A4: No. | B4: 市町村名 | C4: 事業実施主体名 | D4: 事業実施年度 | H4: 事業名 | I4: 負担区分（千円） | K4: 年度別事業内訳 | S4: 備考
F5: 受益面積 | G5: 総事業費 | K5: 前年度まで | M5: ○年度【本年度】 | O5: 〇年度まで | Q5: 来年度以降残
D6: 開始 | E6: 終了 | F6: (ha) | G6: （円） | I6: うち交付金 | J6: その他 | K6: 事業費 | L6: うち交付金 | M6: 事業費 | N6: うち交付金 | O6: 事業費 | P6: うち交付金 | Q6: 事業費 | R6: うち交付金
I7: （円） | J7: （円） | K7: （円） | L7: （円） | M7: （円） | N7: （円） | O7: （円） | P7: （円） | Q7: （円） | R7: （円）
A8: 1 | G8: =SUM(I10:J10) -> 0 | H8: 計画策定事業 | O8: =K8+M8 -> 0 | P8: =L8+N8 -> 0 | Q8: =SUM(I8:J8)-K8-M8 -> 0 | R8: =I8-L8-N8 -> 0
H9: 施設整備事業 | O9: =K9+M9 -> 0 | P9: =L9+N9 -> 0 | Q9: =SUM(I9:J9)-K9-M9 -> 0 | R9: =I9-L9-N9 -> 0
H10: 計 | I10: =SUM(I8:I9) -> 0 | J10: =SUM(J8:J9) -> 0 | K10: =SUM(K8:K9) -> 0 | L10: =SUM(L8:L9) -> 0 | M10: =SUM(M8:M9) -> 0 | N10: =SUM(N8:N9) -> 0 | O10: =SUM(O8:O9) -> 0 | P10: =SUM(P8:P9) -> 0 | ... R10: =SUM(R8:R9) -> 0
A11: 2 | G11: =SUM(I13:J13) -> 0 | H11: 計画策定事業 | O11: =K11+M11 -> 0 | P11: =L11+N11 -> 0 | Q11: =SUM(I11:J11)-K11-M11 -> 0 | R11: =I11-L11-N11 -> 0
H12: 施設整備事業 | O12: =K12+M12 -> 0 | P12: =L12+N12 -> 0 | Q12: =SUM(I12:J12)-K12-M12 -> 0 | R12: =I12-L12-N12 -> 0
H13: 計 | I13: =SUM(I11:I12) -> 0 | J13: =SUM(J11:J12) -> 0 | K13: =SUM(K11:K12) -> 0 | L13: =SUM(L11:L12) -> 0 | M13: =SUM(M11:M12) -> 0 | N13: =SUM(N11:N12) -> 0 | O13: =SUM(O11:O12) -> 0 | P13: =SUM(P11:P12) -> 0 | ... R13: =SUM(R11:R12) -> 0
A14: 3 | G14: =SUM(I16:J16) -> 0 | H14: 計画策定事業 | O14: =K14+M14 -> 0 | P14: =L14+N14 -> 0 | Q14: =SUM(I14:J14)-K14-M14 -> 0 | R14: =I14-L14-N14 -> 0
H15: 施設整備事業 | O15: =K15+M15 -> 0 | P15: =L15+N15 -> 0 | Q15: =SUM(I15:J15)-K15-M15 -> 0 | R15: =I15-L15-N15 -> 0
H16: 計 | I16: =SUM(I14:I15) -> 0 | J16: =SUM(J14:J15) -> 0 | K16: =SUM(K14:K15) -> 0 | L16: =SUM(L14:L15) -> 0 | M16: =SUM(M14:M15) -> 0 | N16: =SUM(N14:N15) -> 0 | O16: =SUM(O14:O15) -> 0 | P16: =SUM(P14:P15) -> 0 | ... R16: =SUM(R14:R15) -> 0
A17: 4 | G17: =SUM(I19:J19) -> 0 | H17: 計画策定事業 | O17: =K17+M17 -> 0 | P17: =L17+N17 -> 0 | Q17: =SUM(I17:J17)-K17-M17 -> 0 | R17: =I17-L17-N17 -> 0
H18: 施設整備事業 | O18: =K18+M18 -> 0 | P18: =L18+N18 -> 0 | Q18: =SUM(I18:J18)-K18-M18 -> 0 | R18: =I18-L18-N18 -> 0
H19: 計 | I19: =SUM(I17:I18) -> 0 | J19: =SUM(J17:J18) -> 0 | K19: =SUM(K17:K18) -> 0 | L19: =SUM(L17:L18) -> 0 | M19: =SUM(M17:M18) -> 0 | N19: =SUM(N17:N18) -> 0 | O19: =SUM(O17:O18) -> 0 | P19: =SUM(P17:P18) -> 0 | ... R19: =SUM(R17:R18) -> 0
A20: 5 | G20: =SUM(I22:J22) -> 0 | H20: 計画策定事業 | O20: =K20+M20 -> 0 | P20: =L20+N20 -> 0 | Q20: =SUM(I20:J20)-K20-M20 -> 0 | R20: =I20-L20-N20 -> 0
H21: 施設整備事業 | O21: =K21+M21 -> 0 | P21: =L21+N21 -> 0 | Q21: =SUM(I21:J21)-K21-M21 -> 0 | R21: =I21-L21-N21 -> 0
H22: 計 | I22: =SUM(I20:I21) -> 0 | J22: =SUM(J20:J21) -> 0 | K22: =SUM(K20:K21) -> 0 | L22: =SUM(L20:L21) -> 0 | M22: =SUM(M20:M21) -> 0 | N22: =SUM(N20:N21) -> 0 | O22: =SUM(O20:O21) -> 0 | P22: =SUM(P20:P21) -> 0 | ... R22: =SUM(R20:R21) -> 0
A23: 6 | G23: =SUM(I25:J25) -> 0 | H23: 計画策定事業 | O23: =K23+M23 -> 0 | P23: =L23+N23 -> 0 | Q23: =SUM(I23:J23)-K23-M23 -> 0 | R23: =I23-L23-N23 -> 0
H24: 施設整備事業 | O24: =K24+M24 -> 0 | P24: =L24+N24 -> 0 | Q24: =SUM(I24:J24)-K24-M24 -> 0 | R24: =I24-L24-N24 -> 0
H25: 計 | I25: =SUM(I23:I24) -> 0 | J25: =SUM(J23:J24) -> 0 | K25: =SUM(K23:K24) -> 0 | L25: =SUM(L23:L24) -> 0 | M25: =SUM(M23:M24) -> 0 | N25: =SUM(N23:N24) -> 0 | O25: =SUM(O23:O24) -> 0 | P25: =SUM(P23:P24) -> 0 | ... R25: =SUM(R23:R24) -> 0
A26: 7 | G26: =SUM(I28:J28) -> 0 | H26: 計画策定事業 | O26: =K26+M26 -> 0 | P26: =L26+N26 -> 0 | Q26: =SUM(I26:J26)-K26-M26 -> 0 | R26: =I26-L26-N26 -> 0
H27: 施設整備事業 | O27: =K27+M27 -> 0 | P27: =L27+N27 -> 0 | Q27: =SUM(I27:J27)-K27-M27 -> 0 | R27: =I27-L27-N27 -> 0
H28: 計 | I28: =SUM(I26:I27) -> 0 | J28: =SUM(J26:J27) -> 0 | K28: =SUM(K26:K27) -> 0 | L28: =SUM(L26:L27) -> 0 | M28: =SUM(M26:M27) -> 0 | N28: =SUM(N26:N27) -> 0 | O28: =SUM(O26:O27) -> 0 | P28: =SUM(P26:P27) -> 0 | ... R28: =SUM(R26:R27) -> 0
A29: 8 | G29: =SUM(I31:J31) -> 0 | H29: 計画策定事業 | O29: =K29+M29 -> 0 | P29: =L29+N29 -> 0 | Q29: =SUM(I29:J29)-K29-M29 -> 0 | R29: =I29-L29-N29 -> 0
H30: 施設整備事業 | O30: =K30+M30 -> 0 | P30: =L30+N30 -> 0 | Q30: =SUM(I30:J30)-K30-M30 -> 0 | R30: =I30-L30-N30 -> 0
H31: 計 | I31: =SUM(I29:I30) -> 0 | J31: =SUM(J29:J30) -> 0 | K31: =SUM(K29:K30) -> 0 | L31: =SUM(L29:L30) -> 0 | M31: =SUM(M29:M30) -> 0 | N31: =SUM(N29:N30) -> 0 | O31: =SUM(O29:O30) -> 0 | P31: =SUM(P29:P30) -> 0 | ... R31: =SUM(R29:R30) -> 0
A32: 9 | G32: =SUM(I34:J34) -> 0 | H32: 計画策定事業 | O32: =K32+M32 -> 0 | P32: =L32+N32 -> 0 | Q32: =SUM(I32:J32)-K32-M32 -> 0 | R32: =I32-L32-N32 -> 0
H33: 施設整備事業 | O33: =K33+M33 -> 0 | P33: =L33+N33 -> 0 | Q33: =SUM(I33:J33)-K33-M33 -> 0 | R33: =I33-L33-N33 -> 0
H34: 計 | I34: =SUM(I32:I33) -> 0 | J34: =SUM(J32:J33) -> 0 | K34: =SUM(K32:K33) -> 0 | L34: =SUM(L32:L33) -> 0 | M34: =SUM(M32:M33) -> 0 | N34: =SUM(N32:N33) -> 0 | O34: =SUM(O32:O33) -> 0 | P34: =SUM(P32:P33) -> 0 | ... R34: =SUM(R32:R33) -> 0
A35: 10 | G35: =SUM(I37:J37) -> 0 | H35: 計画策定事業 | O35: =K35+M35 -> 0 | P35: =L35+N35 -> 0 | Q35: =SUM(I35:J35)-K35-M35 -> 0 | R35: =I35-L35-N35 -> 0
H36: 施設整備事業 | O36: =K36+M36 -> 0 | P36: =L36+N36 -> 0 | Q36: =SUM(I36:J36)-K36-M36 -> 0 | R36: =I36-L36-N36 -> 0
H37: 計 | I37: =SUM(I35:I36) -> 0 | J37: =SUM(J35:J36) -> 0 | K37: =SUM(K35:K36) -> 0 | L37: =SUM(L35:L36) -> 0 | M37: =SUM(M35:M36) -> 0 | N37: =SUM(N35:N36) -> 0 | O37: =SUM(O35:O36) -> 0 | P37: =SUM(P35:P36) -> 0 | ... R37: =SUM(R35:R36) -> 0
A38: 計 | F38: =SUM(F8:F37) -> 0 | G38: =SUM(G8:G37) -> 0 | H38: 計画策定事業 | I38: =SUMIF($H$8:$H$37,$H38,I$8:I$37) -> 0 | J38: =SUMIF($H$8:$H$37,$H38,J$8:J$37) -> 0 | K38: =SUMIF($H$8:$H$37,$H38,K$8:K$37) -> 0 | L38: =SUMIF($H$8:$H$37,$H38,L$8:L$37) -> 0 | M38: =SUMIF($H$8:$H$37,$H38,M$8:M$37) -> 0 | N38: =SUMIF($H$8:$H$37,$H38,N$8:N$37) -> 0 | O38: =SUMIF($H$8:$H$37,$H38,O$8:O$37) -> 0 | P38: =SUMIF($H$8:$H$37,$H38,P$8:P$37) -> 0 | ... R38: =SUMIF($H$8:$H$37,$H38,R$8:R$37) -> 0
H39: 施設整備事業 | I39: =SUMIF($H$8:$H$37,$H39,I$8:I$37) -> 0 | J39: =SUMIF($H$8:$H$37,$H39,J$8:J$37) -> 0 | K39: =SUMIF($H$8:$H$37,$H39,K$8:K$37) -> 0 | L39: =SUMIF($H$8:$H$37,$H39,L$8:L$37) -> 0 | M39: =SUMIF($H$8:$H$37,$H39,M$8:M$37) -> 0 | N39: =SUMIF($H$8:$H$37,$H39,N$8:N$37) -> 0 | O39: =SUMIF($H$8:$H$37,$H39,O$8:O$37) -> 0 | P39: =SUMIF($H$8:$H$37,$H39,P$8:P$37) -> 0 | ... R39: =SUMIF($H$8:$H$37,$H39,R$8:R$37) -> 0
H40: 計 | I40: =SUMIF($H$8:$H$37,$H40,I$8:I$37) -> 0 | J40: =SUMIF($H$8:$H$37,$H40,J$8:J$37) -> 0 | K40: =SUMIF($H$8:$H$37,$H40,K$8:K$37) -> 0 | L40: =SUMIF($H$8:$H$37,$H40,L$8:L$37) -> 0 | M40: =SUMIF($H$8:$H$37,$H40,M$8:M$37) -> 0 | N40: =SUMIF($H$8:$H$37,$H40,N$8:N$37) -> 0 | O40: =SUMIF($H$8:$H$37,$H40,O$8:O$37) -> 0 | P40: =SUMIF($H$8:$H$37,$H40,P$8:P$37) -> 0 | ... R40: =SUMIF($H$8:$H$37,$H40,R$8:R$37) -> 0
A42: （３）実施位置図
B44: 別添のとおり。

Sheet 実施位置図
R1: 情報通信環境施設（通信端末含む）を導入する工種です。
R2: 適宜追加し、左図に貼り付けること。
B3: 農山漁村振興交付金（情報通信環境整備対策） ○○地区 実施位置図 | R3: 凡 例
T4: 計画策定事業実施区域
T5: 農振農用地区域
T6: 受益農地
T7: 用水路
T8: 排水路
T9: 農道
T10: 揚水機場
T11: 排水機場
T12: ため池、ファームポンド
R13: C | T13: ダム
T14: 頭首工、取水堰
R15: C | T15: 中央管理施設
T16: 農業集落排水施設
T17: 営農飲雑用水施設
T18: その他活性化施設等
T19: 無線基地局
T20: 光ファイバ（新設）
T21: 光ファイバ（既設）
T22: 局舎（新設）
T23: 局舎（既設）
T24: スマート農業新規導入地域
T25: スマート鳥獣害対策新規導入地域
T26: 流域治水計画エリア
T27: 小さな拠点
R28: ※ 既設光ファイバは既設局舎から新設区間までの記載で構いません。
C32: 各工種番号別詳細表
C33: No. | D33: 工 種 | E33: 過去の実施事業 | H33: 受益面積 | I33: 情報通信環境整備 | N33: 備考
E34: 事業名 | F34: 地区名 | G34: 完了 | H34: [ha] | I34: 規格 | J34: 数量 | L34: 計画 | M34: 完了
C35: 1
C36: 2
C37: 3
C38: 4
C39: 5
C40: 6
C41: 7
C42: 8
C43: 9
C44: 10
C45: 11
C46: 12
... C55: 21
R59: 凡 例
R60: ○C/○C/○C/○○m
C61: ○○地区 光系統図 | R61: ↑敷設芯数/交付対象芯数/使用芯数/敷設距離
T62: 交付対象（前々年度までに敷設）
T63: 交付対象（前年度までに敷設）
T64: 交付対象（本年度敷設）
T65: 交付対象（来年度以降敷設）
T66: 交付対象外or既設使用

Sheet 様式第３号
A1: （別紙様式第３号）
S2: 番 号
Z3: 年 | AC3: 月 | AF3: 日
B6: 都道府県知事 | S6: 殿
B7: 地方農政局長
B8: 北海道にあっては農林水産省農村振興局長
B9: 沖縄県にあっては内閣府沖縄総合事務局長
X12: 事業実施主体代表
X13: （市町村長等）
X14: 〔都道府県知事〕
A17: ○○年度農山漁村振興交付金（情報通信環境整備対策）の関係書類の提出（報告）について
A20: 農山漁村振興交付金（情報通信環境整備対策）実施要領（令和３年○月○日付け○農振第○○号農林水産省農村振興局長通知）第３（第５）の規定に基づき、以下の事項について、関係書類を添えて提出（報告）します。
D25: 農山漁村振興推進計画及び事業実施計画の承認（変更）について
D26: 年度別事業実施計画の提出について
D27: 事業実施評価の報告について
B28: ※該当する事項に「○」を記入してください。
A51: 注：〔〕内は都道府県知事から地方農政局長等へ報告する場合

Sheet 様式第４号
A1: （別紙様式第４号）
S2: 番 号
Z3: 年 | AC3: 月 | AF3: 日
B6: 都道府県知事 殿
X9: 地方農政局長等
A12: ○○年度情報通信環境整備対策事業実施計画に係る承認通知について
A14: （年月日）付け（文書番号）で提出のあった、農山漁村振興推進計画、情報通信環境整備対策事業実施計画及び年度別実施計画について承認したので通知する。 ただし、事業の実施に要する経費は、農山漁村振興交付金（情報通信環境整備対策）実施要領（令和３年○月○日付け○農振第○○号農村振興局長通知）第４の規定に基づくものとし、事業費への助成については予算の範囲内で行うものとする。

Sheet 様式第５号
A1: （別紙様式第５号）
A3: ○○年度 農山漁村振興交付金（情報通信環境整備対策） 事業評価書
A6: １．交付対象事業
A9: ２．事業実施主体名
A12: ３．事業概要
B13: （１）事業費・交付額
B14: 年度 | G14: 事業費 | N14: 交付額 | U14: 備考
B20: 計 | G20: =IF(COUNT(G15:M19)=0,"円",TEXT(SUM(G15:M19),"#,##0")&"円") -> 円 | N20: =IF(COUNT(N15:T19)=0,"円",TEXT(SUM(N15:T19),"#,##0")&"円") -> 円
B22: （２）受益面積
D23: =IF(様式第1号!AE111="","○○ha",様式第1号!AE111&"ha") -> ○○ha
B25: （３）事業実施期間
D26: ○年○月○日 | L26: ～ | M26: ○年○月○日
A28: ４．事業実施結果
B29: （１）目標達成状況
B30: 目標 | U30: 達成状況
U31: 単位 | W31: 目標値 | Z31: 達成値 | AC31: 達成率
B32: １）農業農村インフラの管理の省力化・高度化に関する目標 | U32: =IF(様式第1号!T253="","",様式第1号!T253) | W32: =IF(様式第1号!AF253="","",様式第1号!AF253) | AC32: =IF(W32="","",Z32/W32)
B33: =IF(様式第1号!F253="（例：導入施設数、受益面積等）","",様式第1号!F253)
B34: ２）地域活性化等に関する目標 | U34: =IF(様式第1号!T255="","",様式第1号!T255) | W34: =IF(様式第1号!AF255="","",様式第1号!AF255) | AC34: =IF(W34="","",Z34/W34)
B35: =IF(様式第1号!F255="（例：移住・定住、交流人口増加率、施設利用者数等）","",様式第1号!F255)
B36: ３）スマート農業の導入に関する目標 | U36: =IF(様式第1号!T257="","",様式第1号!T257) | W36: =IF(様式第1号!AF257="","",様式第1号!AF257) | AC36: =IF(W36="","",Z36/W36)
B37: =IF(様式第1号!F257="（例：導入面積、農業者数等）","",様式第1号!F257)
A39: ５．実績評価
B40: (1) 農業農村インフラの管理の省力化・高度化に関する取組 | H40: 目標の達成状況等の総合的評価
H42: 取組状況
H44: 事業実績
H46: 実施体制
H48: その他の事項
B50: (2) 地域活性化に関する取組 | H50: 目標の達成状況等の総合的評価
H52: 取組状況
H54: 事業実績
H56: 実施体制
H58: その他の事項
B60: (3) スマート農業の導入に関する取組 | H60: 目標の達成状況等の総合的評価
H62: 取組状況
H64: 事業実績
H66: 実施体制
H68: その他の事項

Sheet 要領別表第２
A1: （別表第２）
A3: 【農山漁村振興交付金（情報通信環境整備対策） チェックリスト】
D5: 事業主体名： | F5: チェック数 | G5: =COUNTIF(E10:E51,TRUE) -> 0
D6: 年 月 日申請分
A9: 項目 | B9: 審査内容 | D9: チェック
A10: １．地域の概要 | B10: ・ | C10: 当該計画の対象施設の現状と、事業の背景となる地域農業の現状等が整理されている。
A11: ２．事業実施地区の現状、 課題等 | B11: ・ | C11: 地域が抱える課題とその対応方針、事業との関連性が整理されている。
C12: (1) 農業農村インフラの管理状況及び現状及び今後の課題が明記されている。
C13: (2) 地域活性化に関する取組状況と課題が明記されている。
C14: (3) スマート農業の取組状況と課題が明記されている。
C15: (4) そのほか生活面における情報通信に関する課題が明記されている。
A16: ３．事業内容
A17: （１）計画策定事業
A18: ア 必要性 | B18: ・ | C18: 取組の概要について、地域の課題解決や目的達成の観点から、当該事業が必要なものとなっている。
A19: イ 実施期間 | B19: ・ | C19: 事業が計画された工期内で完了することが見込まれるものである。
A20: ウ 実施要件 | B20: ・ | C20: 事業実施要綱・要領に規定された事業内容、実施要件に適合している。
B21: ・ | C21: 試行調査の数量が過大なものになっていない。
A22: （２）施設整備事業
A23: ア 必要性 | B23: ・ | C23: 地域の課題解決や目的達成の観点から、当該事業が必要なものとなっている。
A24: イ 技術的可能性 | B24: ・ | C24: 当該事業の施行が技術的に可能である。
A25: ウ 効率性 | B25: ・ | C25: 当該事業の効用の発現が見込まれ、事業の効率性が十分見込まれる。
B26: ・ | C26: 導入する通信規格が地域の実情に沿って検討されたものである。
A27: エ 実施期間 | B27: ・ | C27: 事業が計画された工期内で完了することが見込まれるものである。
A28: オ 実施要件 | B28: ・ | C28: 上記のほか、事業実施要綱・要領に規定された事業内容、実施要件に適合している。
A29: ４．施設整備後の維持管 理・運用 | B29: ・ | C29: 施設管理予定者が明記され、適切に維持管理できる体制となっている。
B30: ・ | C30: 利用料徴収を行う計画とし、施設等の継続的活用を図り得るための維持管理及び更新に必要な資金の積立に努める体制を検討している。
A31: ５．事業の目標 | B31: ・ | C31: 課題に対応した目標が設定されている。
C32: ア 農業農村インフラの管理の省力化・高度化
C33: イ 地域活性化等
C34: ウ スマート農業の導入
B35: ・ | C35: 目標に応じた定量的な評価指標が設定されている。
B36: ・ | C36: 事業を実施することにより、計画期間内に達成が見込まれる目標及び評価指標となっている。
A37: ６．各計画との整合性 | B37: ・ | C37: 自治体等で作成している各計画との連携、整合性が図られている。
C38: (1) 自治体総合計画
C39: (2) 自治体農林水産計画
C40: (3) 自治体地域情報化計画
C41: (4) 自治体定住自立圏構想
C42: (5) その他事業の趣旨と関連した計画
A43: ７．他事業との連携 | B43: ・ | C43: 整備する施設が他事業で定める計画等との連携が図られるものである。
C44: (1) 農業農村整備事業における事業計画等
C45: (2) 農山漁村振興交付金の他対策における農山漁村振興推進計画等
C46: (3) 日本型直接支払における事業計画等
C47: (4) 農地・農業水利施設を活用した流域治水の取組
C48: (5) 国土強靱化地域計画又は地域防災計画
C49: (6) 食料産業局長の承認を受けたGFPグローバル産地 計画
C50: (7) 地域における開発計画
C51: (9) 他事業におけるICTを活用した計画
